 Dungeon Crawl Stone Soup version 0.31.0-32-g396128a36d (webtiles) character file.

Game seed: 4403569156480985674

84 tizbic2 the Charlatan (level 4, -1/26 HPs)
             Began as a Tengu Artificer on Mar 24, 2024.
             Was a Follower of Fedhas.
             Slain by Sigmund
             ... wielding a +1 vampiric scythe
              (8 damage)
             ... on level 3 of the Dungeon.
             The game lasted 00:06:55 (1664 turns).

tizbic2 the Charlatan (Tengu Artificer)             Turns: 1664, Time: 00:06:55

Health: -1/26      AC: 11    Str: 11 (14) XL:     4   Next: 46%
Magic:  6/6        EV:  8    Int: 11 (12) God:    Fedhas [*.....]
Gold:   123        SH:  0    Dex: 13 (14) Spells: 5/5 levels left

rFire   . . .        r - +0 quarterstaff
rCold   + . .        (shield currently unavailable)
rNeg    + . .        m - +3 scale mail {rC+}
rPois   .            (helmet restricted)
rElec   .            (no cloak)
rCorr   .            (no gloves)
SInv    .            (boots unavailable)
Will    .....        f - amulet of faith Stlth
                     t - ring of positive energy
HPRegen 0.24/turn    (no ring)
MPRegen 0.10/turn

%: acrobat, faith
@: no status effects
A: beak, talons 3, acrobatic, iridescent scales 1, inability to read after
injury 1
a: Renounce Religion


You were on level 3 of the Dungeon.
You worshipped Fedhas.
Fedhas was aware of your devotion.
You visited 1 branch of the dungeon, and saw 3 of its levels.

You collected 123 gold pieces.

Inventory:

Hand Weapons
 r - a +0 quarterstaff (weapon)
Missiles
 g - 16 poisoned darts
Armour
 b - a +0 leather armour
 m - a +3 scale mail of cold resistance (worn)
Jewellery
 f - an amulet of faith (around neck)
 n - a ring of protection from cold
 t - a ring of positive energy (left hand)
Talismans
 s - a flux talisman
Wands
 c - a wand of flame (15) (quivered)
 d - a wand of charming (14)
 e - a wand of iceblast (5)
 j - a wand of roots (10)
Scrolls
 a - a scroll of identify {unknown}
 k - a scroll of fear {unknown}
Potions
 i - a potion of curing {unknown}
 o - a potion of brilliance {unknown}
 p - a potion of resistance {unknown}
 q - 2 potions of haste {unknown}


   Skills:
 + Level 1.7 Fighting
 * Level 1.8 Staves
 + Level 2.6 Armour
 - Level 1.1 Dodging
 - Level 1.0 Stealth
 + Level 1.0 Spellcasting
 * Level 3.8 Evocations


You had 5 spell levels left.
You didn't know any spells.
Your spell library was empty.

Dungeon Overview and Level Annotations

Branches:
Dungeon (3/15)

Altars:
Fedhas

Annotations:
D:3 Sigmund


Innate Abilities, Weirdness & Mutations

You have a beak for a mouth.
You have claws for feet.
You can magically evade attacks while moving or waiting.
You are partially covered in iridescent scales. (AC +2)
You occasionally lose the ability to read scrolls when taking damage.


Message History

You feel magically purged.
You feel less confused.
Sigmund points at you and mumbles some strange words.
The magic dart hits you. Sigmund gestures at you while chanting.
You resist with some effort.
You completely miss Sigmund. You claw Sigmund.
You peck Sigmund, but do no damage.
Sigmund is lightly wounded.
Sigmund hits you with a +1 vampiric scythe.
Sigmund draws strength from your wounds!
You hit Sigmund but do no damage. You claw Sigmund.
Sigmund is moderately wounded.
Sigmund casts a spell at you. The puff of flame hits you!
You barely miss Sigmund. You claw Sigmund.
Sigmund is heavily wounded.
Sigmund casts a spell at you. You resist with some effort.
Sigmund hits you but does no damage.
You hit Sigmund but do no damage.
Sigmund is heavily wounded.
You closely miss Sigmund. Your kick misses Sigmund.
Sigmund is heavily wounded.
Sigmund hits you with a +1 vampiric scythe.
Sigmund draws strength from your wounds!
You hit Sigmund but do no damage.
Sigmund is heavily wounded.
Sigmund hits you but does no damage.
You closely miss Sigmund. You claw Sigmund!
Sigmund is severely wounded.
Sigmund hits you with a +1 vampiric scythe.
* * * LOW HITPOINT WARNING * * *
You hit Sigmund but do no damage. Your kick misses Sigmund. You peck Sigmund.
Sigmund is severely wounded.
Sigmund casts a spell.
Sigmund flickers and vanishes!
Deactivating autopickup; reactivate with Ctrl-A.
You closely miss something. Your peck misses something. Something hits you!
You die...
Fedhas appreciates your contribution to the ecosystem.

#.# #.# #.# #.# #.# #.# #.# #.#
#.# #.# #.# #.# #.#######.#
####################.#.........#
................@{...###########
######################


There were no monsters in sight!

Vanquished Creatures
  Terence (D:2)
  An adder (D:3)
  2 dart slugs (D:1)
  A ribbon worm (D:3)
  7 ball pythons
  6 bats
  3 endoplasms
  2 giant cockroaches
  7 goblins
  5 hobgoblins
  2 quokkas (D:1)
  A frilled lizard (D:2)
  3 kobolds
  4 rats
45 creatures vanquished.

Vanquished Creatures (collateral kills)
  An endoplasm (D:2)
  A giant cockroach (D:2)
  A goblin (D:2)
3 creatures vanquished.

Grand Total: 48 creatures vanquished

Notes
Turn   | Place    | Note
-------+----------+-------------------------------------------
     0 | D:1      | tizbic2 the Tengu Artificer began the quest for the Orb.
     0 | D:1      | Reached XP level 1. HP: 12/12 MP: 2/2
   204 | D:1      | Reached XP level 2. HP: 14/16 MP: 3/3
   328 | D:1      | Reached skill level 1 in Staves
   530 | D:1      | Reached XP level 3. HP: 19/20 MP: 4/4
   708 | D:2      | Gained mutation: You occasionally lose the ability to read
                  | scrolls when taking damage. [potion of mutation]
   708 | D:2      | Gained mutation: You are partially covered in iridescent
                  | scales. (AC +2) [potion of mutation]
   871 | D:2      | Noticed Terence
   923 | D:2      | Killed Terence
   974 | D:2      | Found a faded altar of an unknown god.
   981 | D:2      | Reached XP level 4. HP: 25/25 MP: 6/6
  1005 | D:2      | Prayed at the altar of an unknown god.
  1005 | D:2      | Became a worshipper of Fedhas Madash
  1005 | D:2      | Reached * piety under Fedhas
  1511 | D:3      | Reached skill level 1 in Spellcasting
  1649 | D:3      | Noticed Sigmund
  1664 | D:3      | Slain by Sigmund

Illustrated notes

Levels and vault maps discovered:
D:1:      sevenhm_arrival_forest_fort_large_2, layout_loops_ring
D:2:      layout_basic, shapermc_ecumenical_altar_acropolis, uniq_terence
D:3:      layout_basic, uniq_sigmund

Skill      XL: |  1  2  3  4 |
---------------+-------------+-----
Staves         | 1 |  1.8
Spellcasting   | 1 |  1.0
Fighting       | |  1.7
Armour         | |  2.6
Dodging        | |  1.1
Stealth        | |  1.0
Evocations     | |  3.8

Action                     |  1- 3 |  4- 6 || total
---------------------------+-------+-------++-------
  Melee: Club              |    83 |       ||    83
         Kick              |    23 |    13 ||    36
         Peck              |    10 |     6 ||    16
         Mace              |    13 |    10 ||    23
         Punch             |     1 |     1 ||     2
         Quarterstaff      |       |    32 ||    32
  Evoke: Wand              |     1 |       ||     1
    Use: Potion            |     1 |     2 ||     3
   Stab: Sleeping          |     2 |       ||     2
 Armour: Leather armour    |    70 |       ||    70
         Scale mail        |     6 |    32 ||    38
  Dodge: Dodged            |    94 |    14 ||   108
